 Dungeon Crawl Stone Soup version 0.31.0-12-g77e489cdc1 (webtiles) character file.

Game seed: 18216300699832603765

44 Killerpretzel the Changeling (level 3, 0/23 HPs)
             Began as an Octopode Shapeshifter on Feb 12, 2024.
             Slain by a gnoll
             ... wielding a +0 whip
              (4 damage)
             ... on level 2 of the Dungeon.
             The game lasted 00:00:59 (1349 turns).

Killerpretzel the Changeling (OpSh)                 Turns: 1349, Time: 00:01:00

Health: 0/23       AC:  1    Str: 13    XL:     3   Next: 62%
Magic:  3/3        EV: 13    Int: 12    God:
Gold:   71         SH:  0    Dex: 13    Spells: 2/2 levels left

rFire   . .          .
                       - Unarmed
rCold   . . .        (no shield)
rNeg    . . .        (helmet currently unavailable)
rPois   .            (no amulet)
rElec   .            (no ring)
rCorr   .            (no ring)
SInv    .            (no ring)
Will    .....        (no ring)
Stlth   ++           (no ring)
HPRegen 0.23/turn    (no ring)
MPRegen 0.08/turn    (no ring)
                     (no ring)

%: no passive effects
@: beast-form
A: beast (slay +2), almost no armour, amphibious, 8 rings, camouflage 1,
gelatinous body 1, (nimble swimmer 1), tentacles
a: Begin Untransformation


You were on level 2 of the Dungeon.
You were a hulking beast.
You visited 1 branch of the dungeon, and saw 2 of its levels.

You collected 71 gold pieces.

Inventory:

Jewellery
 d - a +4 ring of protection
Talismans
 b - a beast talisman
 c - a flux talisman
Scrolls
 e - a scroll of amnesia
Potions
 a - 2 potions of lignification
 f - a potion of curing {unknown}


   Skills:
 + Level 1.6 Fighting
 + Level 2.4 Dodging
 + Level 3.3 Unarmed Combat
 * Level 3.5 Shapeshifting


You had 2 spell levels left.
You didn't know any spells.
Your spell library was empty.

Dungeon Overview and Level Annotations

Branches:
Dungeon (2/15)

Altars:

Shops:
D:2 =


Innate Abilities, Weirdness & Mutations

You are a hulking beast.
Your limbs bulge with bestial killing power. (Slay +2)
You cannot wear most types of armour.
You are amphibious.
You can wear up to eight rings at the same time.
Your skin changes colour to match your surroundings (Stealth+).
Your rubbery body absorbs attacks. (AC +1, EV +1)
((You are camouflaged when in or above water. (Stealth+)))
You have tentacles for arms and can constrict up to eight enemies at once.


Message History

No target in view!
No target in view!
No target in view!
e - a scroll of amnesia No target in view!
No target in view!
No target in view!
No target in view!
No target in view!
No target in view!
No target in view!
No target in view!
No target in view!
No target in view!
There is an empty arch of ancient stone here.
A gnoll comes into view.
It is wielding a +0 spear. 2 gnolls come into view.
Found Mizxocry's Jewellery Shoppe.
The gnoll shouts! x2
A gnoll comes into view. It is wielding a +0 whip.
The gnoll shouts!
The gnoll shouts!
You tentacle-slap the gnoll. You grab the gnoll. You squeeze the gnoll.
The gnoll is heavily wounded.
You constrict the gnoll. The gnoll hits you with a +0 whip.
The gnoll hits you from afar with a +0 spear!
The gnoll hits you from afar with a +0 halberd.
* * * LOW HITPOINT WARNING * * *
You are too injured to fight recklessly!
You are too injured to fight recklessly!
You are too injured to fight recklessly!
You are too injured to fight recklessly!
You are too injured to fight recklessly!
There are monsters nearby!
You release your grip on the gnoll.
The gnoll attacks as it pursues you! The gnoll closely misses you.
The gnoll attacks as it pursues you! The gnoll completely misses you.
The gnoll attacks as it pursues you! The gnoll closely misses you.
The gnoll hits you with a +0 whip.
You die...

8..∩..8 ##.8...8.
##...8.8..
#####.....8...
#.....###.####
################.g...#
#
#................g...#
#.##############g#####
..#........^...#h#
..♣..##...####.#.#
#♣.♣..#.#.# #.#.#
♣♣.♣.##.#.# #.#..
♣..♣..♣.#.# #.###
♣.♣♣#♣♣...# #.# ♣.♣
♣.♣..# #.# ♣.♣♣♣♣.♣.##
#.# ♣..♣♣..♣.# #.#


You could see 3 gnolls.

Vanquished Creatures
  3 ball pythons (D:1)
  7 bats (D:1)
  An endoplasm (D:1)
  A giant cockroach (D:1)
  6 goblins (D:1)
  4 hobgoblins (D:1)
  8 kobolds (D:1)
  3 quokkas
  A frilled lizard (D:1)
  5 rats (D:1)
39 creatures vanquished.

Notes
Turn   | Place    | Note
-------+----------+-------------------------------------------
     0 | D:1      | Killerpretzel the Octopode Shapeshifter began the quest for
                  | the Orb.
     0 | D:1      | Reached XP level 1. HP: 13/13 MP: 1/1
   105 | D:1      | Reached XP level 2. HP: 12/18 MP: 2/2
   461 | D:1      | Reached XP level 3. HP: 4/23 MP: 3/3
  1262 | D:2      | Found a faded altar of an unknown god.
  1339 | D:2      | Found Mizxocry's Jewellery Shoppe.
  1349 | D:2      | Slain by a gnoll

Illustrated notes

Levels and vault maps discovered:
D:1:      saegor_arrival_miasma, layout_basic, lexackson_kobold_supper
D:2:      layout_basic, shapermc_ecumenical_altar_totnotflames, serial_shops,
          nicolae_diamond_shop, basic_altar

Action                     || total
---------------------------++-------
  Melee: Unarmed           ||    70
         Constrict         ||    22
         Tentacles         ||    10
         Punch             ||     1
    Use: Scroll            ||     5
   Stab: Sleeping          ||     7
 Armour: Skin              ||    39
  Dodge: Dodged            ||    38
